 Dungeon Crawl Stone Soup version 0.27.1-34-g3ba077fa99 (webtiles) character file.

Game seed: 18294666012662892628

5844 mcbry74 the Grappler (level 10, 0/79 HPs)
             Began as a Troll Chaos Knight on Jan 21, 2022.
             Was a Plaything of Xom.
             Slain by a hornet (9 damage)
             ... while paralysed by a hornet
             ... on level 9 of the Dungeon on Jan 22, 2022.
             The game lasted 00:41:40 (7923 turns).

mcbry74 the Grappler (Troll Chaos Knight)           Turns: 7923, Time: 00:41:41

Health: 0/79       AC:  5    Str: 24    XL:     10   Next: 51%
Magic:  7/9        EV:  1    Int:  9    God:    Xom [..*...]
Gold:   1695       SH:  0    Dex: 11    Spells: 8/9 levels left

rFire    . . .     SeeInvis .     - Unarmed
rCold    + . .     Faith    .   (no shield)
rNeg     . . .     Spirit   .   w - +0 acid dragon scales
rPois    .         Reflect  .   (helmet restricted)
rElec    .         Harm     .   (no cloak)
rCorr    +         Rampage  .   (gloves unavailable)
Will     .....                  (boots unavailable)
Stlth    +.........             (no amulet)
HPRegen  1.23/turn              y - ring of protection from cold
MPRegen  0.11/turn              (no ring)

@: paralysed, lethally poisoned (0 -> -13), slowed
A: large, unfitting armour, claws 3, regeneration 1, shaggy fur 1, tough skin 1,
talons 1, agile 1, deformed body, frail 1
a: Renounce Religion


You were on level 9 of the Dungeon.
You worshipped Xom.
You were a toy of Xom.
You visited 1 branch of the dungeon, and saw 9 of its levels.
You also visited: Sewer.

You collected 1981 gold pieces.
You spent 286 gold pieces at shops.

Inventory:

Hand Weapons
 g - a +0 hunting sling
 k - a +0 halberd of flaming
 m - a +0 vorpal dire flail
 o - a +0 great mace
 x - a +0 dire flail of chaos
 K - a +0 dire flail
Missiles
 e - 46 sling bullets
 i - 4 curare-tipped darts (quivered)
 n - 11 poisoned darts
 s - 238 stones
 t - 3 boomerangs
Armour
 a - a +2 robe
 w - +0 acid dragon scales (worn)
Jewellery
 v - a ring of ice
 y - a ring of protection from cold (left claw)
 D - a ring of protection from cold
Wands
 p - a wand of acid (13)
 z - a wand of iceblast (8)
Scrolls
 d - 2 scrolls of enchant armour
 f - 2 scrolls of fog
 h - a scroll of torment
 l - 3 scrolls of amnesia
 A - 2 scrolls of silence
 B - 2 scrolls of fear
 C - a scroll of enchant weapon {unknown}
 F - 3 scrolls of teleportation
 G - a scroll of vulnerability {unknown}
 H - a scroll of magic mapping {unknown}
Potions
 b - a potion of resistance {unknown}
 c - a potion of curing
 j - a potion of flight {unknown}
 q - a potion of mutation {unknown}
 r - a potion of cancellation {unknown}
 u - 4 potions of heal wounds
 I - a potion of ambrosia {unknown}
 J - a potion of magic {unknown}
Miscellaneous
 E - a piece from Xom's chessboard (15/15)


   Skills:
 + Level 2.4 Fighting
 + Level 8.0 Maces & Flails
 + Level 0.0 Throwing
 + Level 0.0 Armour
 + Level 1.9 Dodging
 + Level 11.6 Unarmed Combat
 + Level 6.0 Earth Magic
 + Level 0.0 Evocations


You had 8 spell levels left.
You knew the following spells:

 Your Spells              Type           Power      Damage    Failure   Level
a - Sandblast             Erth           20%        2d7       4%          1

Your spell library contained the following spells:

 Spells                   Type           Power      Damage    Failure   Level
 Passwall                 Tmut/Erth      4%         N/A       22%         2
 Magic Dart               Conj           0%         1d3       45%         1
 Call Imp                 Summ           0%         N/A       61%         2
 Lee's Rapid Deconstruct  Erth           5%         3d7*      77%         5
 Call Canine Familiar     Summ           0%         N/A       83%         3
 Conjure Flame            Conj/Fire      0%         6-21      83%         3
 Gell's Gravitas          Tloc           0%         N/A       83%         3
 Ignite Poison            Fire/Tmut/Pois 0%         N/A       83%         3
 Lesser Beckoning         Tloc           0%         N/A       83%         3
 Mephitic Cloud           Conj/Pois/Air  0%         N/A       83%         3
 Portal Projectile        Hex/Tloc       0%         N/A       83%         3
 Teleport Other           Tloc           0%         N/A       83%         3
 Leda's Liquefaction      Hex/Erth       2%         N/A       83%         4
 Sticky Flame             Conj/Fire      0%         2d3       99%         4
 Bolt of Magma            Conj/Fire/Erth 1%         4d4       99%         5
 Statue Form              Tmut/Erth      3%         N/A       100%        6


Dungeon Overview and Level Annotations

Branches:
Dungeon (9/15)             Temple (0/1) D:6            Lair (0/6) D:9
  Sewer (visited)
    Orc: D:9-12

Altars:
Elyvilon
Fedhas
Qazlal
Vehumet
Yredelemnul
Zin

Shops:
D:5 :   D:9 [


Innate Abilities, Weirdness & Mutations

You are too large for most types of armour.
You have claws for hands.
Your natural rate of healing is unusually fast.
You are covered in fur. (AC +1)
You have tough skin. (AC +1)
You have sharp toenails.
You are agile. (Dex +2)
Armour fits poorly on your strangely shaped body.
You are frail. (-10% HP)


Message History

The hornet is lightly wounded.
You feel very sick. The hornet stings you!
* * * LOW HITPOINT WARNING * * *
You feel as though you will be slow longer.
The hornet barely misses you.
You feel much better.
You feel very sick.
Xom guffaws.
The hornet stings you!
You are more poisoned.
You feel as though you will be slow longer.
The hornet stings you.
You feel as though you will be slow longer.
You feel much better.
You feel very sick. The hornet stings you.
You feel as though you will be slow longer.
The hornet barely misses you.
Your hound completely misses the hornet.
You barely miss the hornet. Your kick misses the hornet.
The hornet is lightly wounded.
You feel very sick. The hornet stings you.
You are more poisoned.
You suddenly lose the ability to move!
Your hound misses the hornet. The hornet stings you!
* * * LOW HITPOINT WARNING * * *
You are more poisoned.
You feel as though you will be slow longer.
Your hound barely misses the hornet.
* * * LOW HITPOINT WARNING * * *
You feel extremely sick. The hornet stings you.
* * * LOW HITPOINT WARNING * * *
You shrug off the repeated paralysis!
Your hound completely misses the hornet.
The hornet stings you!
You die...
Xom roars with laughter!

#...........## #.....>.....#
#...........# #...........#
.#..P....#.# ..###
######.#.......#.# #...#
#......##.....##.## #...#
#.hy...# #...###... #...#
#.@###...##.###.... #...# #..#
#.y........### #...# #..#
#..........# # #...# #..#
#...######.# # #...# #..# #...#
#.# # #...# #..# #...# #.# #
########...# #..# #...# #.# #
...........####..###...# #.# #
................)......######.#
#


You could see a hornet (ally target) and a friendly hound (summoned).

Vanquished Creatures
  A hornet (D:7)
  11 yaks
  2 wargs (D:9)
  2 steam dragons
  Edmund (D:4)
  A water moccasin (D:9)
  An acid dragon (D:5)
  An orc warrior (D:9)
  2 sky beasts
  An ice beast (D:6)
  A black bear (D:4)
  An ogre (D:6)
  5 centaurs
  A kobold brigand (D:7)
  5 bullfrogs
  A gnoll sergeant (D:9)
  A scorpion (D:5)
  2 water moccasin skeletons (D:5)
  3 wights (D:9)
  A howler monkey (D:6)
  A centaur zombie (D:8)
  6 hounds
  3 jellies
  9 orc priests
  A gnoll shaman (D:6)
  3 centaur skeletons
  3 iguanas
  Jessica (D:2)
  Natasha (thrice) (D:2)
  8 orc wizards
  3 hound skeletons (D:4)
  Robin (D:4)
  A howler monkey zombie (D:9)
  A howler monkey skeleton (D:6)
  10 gnolls
  17 adders
  An ufetubus (D:6)
  A worm (D:4)
  A dart slug (D:1)
  28 orcs
  3 bats
  18 endoplasms
  13 giant cockroaches
  13 goblins
  16 hobgoblins
  21 quokkas
  13 ball pythons
  7 frilled lizards
  15 kobolds
  5 rats
270 creatures vanquished.

Vanquished Creatures (others)
  An iguana (D:6)
1 creature vanquished.

Grand Total: 271 creatures vanquished

Notes
Turn   | Place    | Note
-------+----------+-------------------------------------------
     0 | D:1      | mcbry74 the Troll Chaos Knight began the quest for the Orb.
     0 | D:1      | Reached XP level 1. HP: 22/22 MP: 0/0
   250 | D:1      | Reached XP level 2. HP: 28/29 MP: 1/1
   264 | D:1      | Found a faded altar of an unknown god.
   444 | D:1      | XOM: silly message
   576 | D:1      | Reached skill level 4 in Unarmed Combat
   805 | D:1      | XOM: silly message
   939 | D:1      | Reached XP level 3. HP: 36/36 MP: 2/2
   998 | D:1      | XOM: silly message
  1146 | D:2      | Noticed Natasha
  1159 | D:2      | Killed Natasha
  1160 | D:2      | Reached XP level 4. HP: 38/44 MP: 3/3
  1180 | D:2      | XOM: divination: magic mapping
  1194 | D:2      | Reached skill level 5 in Unarmed Combat
  1339 | D:2      | XOM: divination: magic mapping
  1434 | D:2      | Noticed Natasha
  1440 | D:2      | Killed Natasha
  1533 | D:2      | XOM is BORED!
  1533 | D:2      | XOM: silly message
  1590 | D:2      | Noticed Jessica
  1596 | D:2      | Killed Jessica
  1655 | D:2      | Noticed Natasha
  1660 | D:2      | Killed Natasha
  1661 | D:2      | Reached XP level 5. HP: 48/50 MP: 4/4
  1794 | D:3      | Found a stormy altar of Qazlal.
  1844 | D:3      | Reached skill level 6 in Unarmed Combat
  2019 | D:3      | Found a radiant altar of Vehumet.
  2061 | D:3      | XOM: silly message
  2150 | D:3      | XOM: silly message
  2228 | D:3      | Noticed a steam dragon
  2236 | D:3      | XOM: 6-stop teleportation journey
  2285 | D:3      | Reached XP level 6. HP: 59/59 MP: 5/5
  2307 | D:3      | XOM: 3-stop teleportation journey
  2352 | D:3      | Killed a steam dragon
  2353 | D:3      | Reached skill level 7 in Unarmed Combat
  2657 | D:4      | Noticed Edmund
  2736 | D:4      | Killed Edmund
  2737 | D:4      | Reached skill level 8 in Unarmed Combat
  2737 | D:4      | Reached XP level 7. HP: 46/66 MP: 6/6
  2772 | D:4      | Found a glowing silver altar of Zin.
  2864 | D:4      | Reached skill level 1 in Maces & Flails
  2879 | D:4      | XOM: cast spell 'Olgreb's Toxic Radiance'
  2961 | D:4      | Found a white marble altar of Elyvilon.
  2993 | D:4      | Noticed Robin
  3019 | D:4      | Killed Robin
  3325 | D:4      | XOM: enchant monster (bad)
  3328 | D:5      | Entered Level 5 of the Dungeon
  3340 | D:5      | Identified a scroll of acquirement
  3434 | D:5      | Reached skill level 9 in Unarmed Combat
  3439 | D:5      | Reached XP level 8. HP: 74/74 MP: 7/7
  3532 | D:5      | Found a glowing drain.
  3549 | D:5      | XOM: silly message
  3571 | Sewer    | Entered a sewer
  3869 | Sewer    | Acquired 669 gold pieces
  4008 | D:5      | XOM: 3-stop teleportation journey
  4092 | D:5      | Found Kissaq's Book Shoppe.
  4103 | D:5      | Bought a book of Geomancy for 286 gold pieces
  4105 | D:5      | Learned a level 1 spell: Sandblast
  4147 | D:4      | XOM: give mutations
  4147 | D:4      | Gained mutation: You have sharp toenails. [Xom's grace]
  4147 | D:4      | Gained mutation: You have a pair of small horns on your
                  | head. [Xom's grace]
  4460 | D:5      | Reached skill level 5 in Maces & Flails
  4719 | D:5      | Reached skill level 10 in Unarmed Combat
  4719 | D:5      | Reached skill level 1 in Earth Magic
  4732 | D:5      | XOM: give mutation
  4732 | D:5      | Gained mutation: You are agile. (Dex +2) [Xom's grace]
  4782 | D:6      | XOM: god gift: +0 dire flail of chaos
  4861 | D:6      | Found a staircase to the Ecumenical Temple.
  4899 | D:6      | XOM: divination: detect creatures
  4949 | D:6      | Reached XP level 9. HP: 80/80 MP: 8/8
  4992 | D:6      | XOM: cleaving
  5043 | D:6      | XOM is BORED!
  5043 | D:6      | XOM: give mutations
  5043 | D:6      | Gained mutation: Armour fits poorly on your strangely
                  | shaped body. [Xom's mischief]
  5043 | D:6      | Gained mutation: You are frail. (-10% HP) [Xom's mischief]
  5043 | D:6      | Lost mutation: You have a pair of small horns on your head.
                  | [Xom's mischief]
  5832 | D:7      | XOM: 1-stop teleportation journey
  6084 | D:7      | XOM: smoke on damage
  6512 | D:8      | XOM: enchant monster (good)
  6540 | D:8      | XOM: god gift: 14 stones
  6581 | D:8      | XOM: noise
  6595 | D:7      | Reached skill level 11 in Unarmed Combat
  6665 | D:7      | XOM: summons friendly iron imp
  6670 | D:7      | Reached XP level 10. HP: 47/79 MP: 9/9
  6798 | D:8      | Found a basalt altar of Yredelemnul.
  6798 | D:8      | XOM: 2-stop teleportation journey
  6968 | D:8      | XOM: silly message
  7113 | D:9      | Found a blossoming altar of Fedhas.
  7172 | D:9      | Reached skill level 5 in Earth Magic
  7274 | D:9      | Found Tonn's Antique Armour Shoppe.
  7287 | D:8      | XOM: divination: detect creatures
  7553 | D:9      | Found a staircase to the Lair.
  7567 | D:9      | Acquired 853 gold pieces
  7631 | D:9      | XOM: 1-stop teleportation journey
  7632 | D:9      | XOM: noise
  7829 | D:9      | XOM: 4-stop teleportation journey
  7830 | D:9      | XOM: god gift: 24 stones
  7920 | D:9      | XOM: cast spell 'Call Canine Familiar'
  7922 | D:9      | Paralysed by a hornet for 3 turns
  7923 | D:9      | Slain by a hornet

Illustrated notes

Levels and vault maps discovered:
D:1:      matt_arrival_refuge, layout_loops_corners,
          shapermc_ecumenical_altar_totnotflames, minmay_pentomino_r4
D:2:      layout_basic, kennysheep_nub, hangedman_abyss_or_decor_stabs,
          uniq_jessica, uniq_natasha
D:3:      layout_loops_ring, vehumet_crystals, nicolae_qazlal_general_emergency,
          hangedman_decor_push, minmay_shallow_snake_nest
D:4:      layout_cave_pools, mainiacjoe_overflow_alcove_1, lemuel_crystal_altar,
          uniq_edmund, uniq_robin
D:5:      layout_loops_ring, serial_shops, nicolae_stop_n_shop_1,
          gup_sewer_entry_glass, grunt_ministairs_11
D:6:      layout_loops_cross, minmay_temple_entry_glassed_door
D:7:      layout_loops_cross, hellmonk_bongcloud_opening
D:8:      layout_basic, yredelemnul_altar_generic, interstate_on_off,
          hangedman_abyss_or_decor_lesser_grid
D:9:      layout_small_grid, mainiacjoe_overflow_cross_hatched,
          erik_lair_orcish_takeover, serial_shops, nicolae_shop_trees

Skill      XL: |  1  2  3  4  5  6  7  8  9 10 |
---------------+-------------------------------+-----
Unarmed Combat | 4 5 6 8 9 10 11 | 11.6
Maces & Flails | 3 5 7 8 |  8.0
Earth Magic    | 2 4 6 |  6.0
Fighting       | |  2.4
Dodging        | |  1.9

Action                   |  1- 3 |  4- 6 |  7- 9 | 10-12 || total
-------------------------+-------+-------+-------+-------++-------
Melee: Unarmed           |    62 |   117 |   424 |    94 ||   697
       Punch             |       |       |    19 |     5 ||    24
       Kick              |       |       |    31 |    28 ||    59
       Headbutt          |       |       |     5 |       ||     5
Throw: Dart              |       |       |     7 |       ||     7
 Cast: Sandblast         |       |       |     1 |     3 ||     4
  Use: Scroll            |       |       |     9 |     5 ||    14
       Potion            |       |       |       |     3 ||     3
Armor: Robe              |    21 |    32 |    98 |       ||   151
       Acid dragon scale |       |       |    40 |    16 ||    56
Dodge: Dodged            |    14 |    55 |   169 |    42 ||   280
